 Dungeon Crawl Stone Soup version 0.27-a0-498-g7ecbb0a48f (webtiles) character file.

Game seed: 8410222521269760710

28505 Leafsnail the Fighter (level 13, -1/144 HPs)
             Began as an Ogre Hunter on Mar 2, 2021.
             Was a High Priest of Okawaru.
             Slain by PeterLawrence's ghost (5 damage)
             ... on level 4 of the Lair of Beasts.
             The game lasted 01:12:42 (23112 turns).

Leafsnail the Fighter (Ogre Hunter)                Turns: 23112, Time: 01:12:43

Health: -1/144     AC:  7    Str: 29    XL:     13   Next: 39%
Magic:  0/19       EV: 12    Int: 12    God:    Okawaru [*****.]
Gold:   883        SH:  0    Dex:  9    Spells: 10/14 levels left

rFire    + . .     SeeInvis .   j - +3 whip (elec)
rCold    + . .     Faith    .   (no shield)
rNeg     . . .     Spirit   +   M - +2 robe {rC+ rF+}
rPois    .         Reflect  .   (helmet restricted)
rElec    .         Harm     .   l - +1 cloak
rCorr    .         Rampage  .   (gloves unavailable)
Will     ++...                  (boots unavailable)
Stlth    +++.......             m - amulet of guardian spirit
HPRegen  0.34/turn              k - ring of willpower
MPRegen  0.16/turn              J - +6 ring of strength

@: heroic, finesse-ful, very slightly contaminated
A: large, unfitting armour, tough skin 1
a: Renounce Religion, Heroism, Finesse


You were on level 4 of the Lair of Beasts.
You worshipped Okawaru.
Okawaru was extremely pleased with you.
You visited 3 branches of the dungeon, and saw 16 of its levels.

You collected 883 gold pieces.

Inventory:

Hand Weapons
 j - a +3 whip of electrocution (weapon)
 s - a +3 mace of protection
 v - a +0 giant spiked club of freezing
 G - the +8 flail of Pandemonium {antimagic, rPois Str+4}
   (You found it on level 8 of the Dungeon)

   It reduces the magical energy of the wielder, and disrupts the spells and
   magical abilities of those hit.
   Natural abilities and divine invocations are not affected.
   It affects your strength (+4).
   It protects you from poison.
Missiles
 a - 444 stones (quivered)
 b - 15 boomerangs
 c - 15 javelins
 d - 13 large rocks
 A - 42 poisoned darts
 B - 16 curare-tipped darts
 C - 3 datura-tipped darts
 D - 8 silver javelins
 Z - a throwing net
Armour
 l - a +1 cloak (worn)
 I - a +0 troll leather armour
 M - a +2 robe of resistance (worn)
 N - +0 ice dragon scales
Jewellery
 e - a ring of positive energy
 f - a ring of poison resistance
 k - a ring of willpower (left hand)
 m - an amulet of guardian spirit (around neck)
 x - a ring of resist corrosion
 J - a +6 ring of strength (right hand)
 S - a ring of willpower
Wands
 r - a wand of iceblast (14)
 E - a wand of acid (2)
 F - a wand of digging (6)
 Q - a wand of flame (19)
 R - a wand of random effects (11)
Scrolls
 o - 3 scrolls of fear
 t - 4 scrolls of teleportation
 y - 4 scrolls of enchant weapon
 H - 2 scrolls of magic mapping
 T - a scroll of amnesia
 U - a scroll of fog
Potions
 g - 2 potions of cancellation {unknown}
 h - 4 potions of curing
 i - a potion of flight
 n - 2 potions of might {unknown}
 p - 3 potions of mutation
 q - 4 potions of heal wounds
 u - 2 potions of haste {unknown}
 w - 2 potions of resistance
 z - a potion of brilliance {unknown}
 K - a potion of ambrosia {unknown}
 L - 2 potions of magic


   Skills:
 + Level 13.4(18.4) Fighting
 * Level 13.1(18.1) Maces & Flails
 + Level 11.2(16.2) Throwing
 - Level 1.7(6.7) Dodging
 - Level 0.6(5.6) Stealth
 - Level 1.0 Spellcasting
 - Level 3.0 Translocations
 + Level 8.2 Invocations


You had 10 spell levels left.
You knew the following spells:

 Your Spells              Type           Power        Failure   Level
a - Apportation           Tloc           14%          9%          1
b - Blink                 Tloc           N/A          13%         2
c - Animate Skeleton      Necr           0%           30%         1

Your spell library contained the following spells:

 Spells                   Type           Power        Failure   Level
 Gell's Gravitas          Tloc           3%           26%         3
 Corona                   Hex            0%           30%         1
 Magic Dart               Conj           0%           30%         1
 Sandblast                Erth           0%           30%         1
 Sting                    Tmut/Pois      0%           30%         1
 Summon Small Mammal      Summ           0%           30%         1
 Call Imp                 Summ           0%           41%         2
 Passwall                 Tmut/Erth      0%           41%         2
 Poisonous Vapours        Pois/Air       0%           41%         2
 Searing Ray              Conj           0%           41%         2
 Slow                     Hex            0%           41%         2
 Confusing Touch          Hex            0%           65%         3
 Conjure Flame            Conj/Fire      0%           65%         3
 Dazzling Flash           Conj/Hex       0%           65%         3
 Ignite Poison            Fire/Tmut/Pois 0%           65%         3
 Mephitic Cloud           Conj/Pois/Air  0%           65%         3
 Stone Arrow              Conj/Erth      0%           65%         3
 Iskenderun's Mystic Bla  Conj/Tloc      4%           85%         4
 Fulminant Prism          Conj/Hex       0%           96%         4
 Olgreb's Toxic Radiance  Pois           0%           96%         4
 Petrify                  Tmut/Erth      0%           96%         4
 Lee's Rapid Deconstruct  Erth           0%           100%        5
 Metabolic Englaciation   Hex/Ice        0%           100%        5
 Yara's Violent Unravell  Hex/Tmut       0%           100%        5
 Freezing Cloud           Conj/Ice/Air   0%           100%        6


Dungeon Overview and Level Annotations

Branches:
Dungeon (11/15)            Temple (1/1) D:5            Lair (4/6) D:11
 Shoals (0/4) Lair:2       Spider (0/4) Lair:3          Orc (0/2) D:11

Altars:
Ashenzari
Cheibriados
Dithmenos
Elyvilon
Fedhas
Gozag
Hepliaklqana
Kikubaaqudgha
Makhleb
Nemelex Xobeh
Okawaru
Qazlal
Ru
Sif Muna
Trog
Uskayaw
Vehumet
Wu Jian
Xom
Yredelemnul
Zin
The Shining One
Lugonu

Shops:
D:11 :

Annotations:
Lair:4 PeterLawrence's ghost, journeyman MiFi


Innate Abilities, Weirdness & Mutations

You are too large for most types of armour.
You have tough skin. (AC +1)


Message History

You hit PeterLawrence's ghost but do no damage.
Lightning courses through PeterLawrence's ghost!
PeterLawrence's ghost is heavily damaged.
Throw: 16 javelins
Press: ? - help, Shift-Dir - straight line, f/p - PeterLawrence's ghost
Aim: PeterLawrence's ghost, wielding a weapon of freezing (heavily damaged, 72% to hit)
You throw a javelin.
The javelin pierces through PeterLawrence's ghost but does no damage.
PeterLawrence's ghost is heavily damaged.
Throw: 14 large rocks
Press: ? - help, Shift-Dir - straight line, f/p - PeterLawrence's ghost
Aim: PeterLawrence's ghost, wielding a weapon of freezing (heavily damaged, 72% to hit)
You throw a large rock.
The large rock closely misses PeterLawrence's ghost.
PeterLawrence's ghost hits you!!
* * * LOW HITPOINT WARNING * * *
Casting: Blink (safe; 13% risk of failure)
Confirm with . or Enter, or press ? or * to list all spells.
Okay, then.
Unknown command.
Casting: Blink (safe; 13% risk of failure)
Confirm with . or Enter, or press ? or * to list all spells.
You miscast Blink.
You are very lightly contaminated with residual magic.
Nothing appears to happen.
PeterLawrence's ghost hits you.
* * * LOW HITPOINT WARNING * * *
Casting: Blink (safe; 13% risk of failure)
Confirm with . or Enter, or press ? or * to list all spells.
You don't have enough magic to cast this spell.
Casting: Blink (safe; 13% risk of failure)
Confirm with . or Enter, or press ? or * to list all spells.
You blink.
You feel much better. PeterLawrence's ghost hits you!!
* * * LOW HITPOINT WARNING * * *
PeterLawrence's ghost freezes you!
* * * LOW HITPOINT WARNING * * *
You feel much better. PeterLawrence's ghost hits you!!
* * * LOW HITPOINT WARNING * * *
PeterLawrence's ghost freezes you.
You die...

.#P#...........####........# #
...............#.........#.#
..............#.........####
........................#
...........).P##'##....## ####
.....##.....###!_.#..(## ##...
.....##......###.##)..#######....
....P###...### ###.((###..#......
......##..## ##@...###.#......##
......###..####.W...# ##.......#
....#......##......####.....<.##
..####............####.......##
### #..P....................####
# #...#...[.............#..#.##
#...............###.#......#.
##................########....
#..............#### ### ####.#


You could see PeterLawrence's ghost.

Vanquished Creatures
  Fannar (Lair:1)
  4 hydras
  A catoblepas (Lair:2)
  A two-headed ogre (D:7)
  Erica (Lair:1)
  A dancing weapon (Lair:4)
  A skeletal warrior (D:10)
  Pikel (D:4)
  An orc knight (D:10)
  An oklob plant (Lair:1)
  A manticore (D:10)
  6 elephants (Lair:4)
  3 black mambas
  7 cane toads
  2 rime drakes
  A kobold demonologist (D:11)
  3 komodo dragons
  A troll (D:9)
  A hornet (D:9)
  A polar bear (Lair:2)
  9 blink frogs
  A wyvern (Lair:3)
  Sigmund (D:6)
  2 basilisks (Lair:2)
  12 yaks
  Grum (D:8)
  2 steam dragons
  An acid dragon (D:11)
  13 water moccasins
  Duvessa (D:5)
  5 orc warriors
  An ice beast (D:7)
  3 black bears
  4 sky beasts
  9 centaurs
  16 wolves
  5 ogres
  4 phantoms
  4 lemures (D:3)
  A kobold brigand (D:7)
  9 bullfrogs
  A gnoll sergeant (D:7)
  Dowan (D:5)
  5 scorpions
  4 wights
  3 electric eels
  3 howler monkeys
  2 centaur zombies
  3 bullfrog zombies
  A jelly (D:6)
  3 quasits
  A gnoll shaman (D:7)
  4 hounds
  A bullfrog skeleton (D:6)
  10 orc priests
  A centaur skeleton (D:11)
  4 iguanas
  9 orc wizards
  Terence (D:3)
  7 worker ants
  9 gnolls
  13 adders
  A howler monkey skeleton (D:5)
  2 shadow imps
  A white imp (D:6)
  An ufetubus (D:9)
  2 oozes
  An adder zombie (D:5)
  An adder skeleton (D:9)
  2 worms (D:2)
  2 dart slugs
  7 leopard geckos
  48 orcs
  A ball python (D:1)
  4 bats
  3 giant cockroaches
  8 goblins
  5 hobgoblins
  9 jackals
  11 quokkas
  9 frilled lizards
  16 kobolds
  A quokka skeleton (D:4)
  A quokka zombie (D:7)
  6 rats
371 creatures vanquished.

Vanquished Creatures (collateral kills)
  3 elephants (Lair:4)
3 creatures vanquished.

Vanquished Creatures (others)
  43 fungi
  74 plants
117 creatures vanquished.

Grand Total: 491 creatures vanquished

Notes
Turn   | Place    | Note
-------+----------+-------------------------------------------
     0 | D:1      | Leafsnail the Ogre Hunter began the quest for the Orb.
     0 | D:1      | Reached XP level 1. HP: 22/22 MP: 1/1
   291 | D:1      | Reached XP level 2. HP: 24/31 MP: 2/2
  1033 | D:1      | Reached XP level 3. HP: 36/37 MP: 3/3
  1230 | D:1      | Reached skill level 1 in Maces & Flails
  1587 | D:2      | Found an ancient bone altar of Kikubaaqudgha.
  1913 | D:2      | Found a faded altar of an unknown god.
  1938 | D:2      | Reached XP level 4. HP: 20/48 MP: 4/4
  2162 | D:2      | Found an iron altar of Okawaru.
  2166 | D:2      | Became a worshipper of Warmaster Okawaru
  2961 | D:2      | Found a glowing golden altar of the Shining One.
  3109 | D:3      | Found a shimmering blue altar of Sif Muna.
  3124 | D:3      | Noticed Terence
  3140 | D:3      | Killed Terence
  3291 | D:2      | Reached XP level 5. HP: 49/54 MP: 5/5
  3526 | D:3      | Reached skill level 5 in Throwing
  3974 | D:4      | Noticed a phantom
  3981 | D:4      | Killed a phantom
  3982 | D:4      | Reached XP level 6. HP: 62/65 MP: 6/6
  4232 | D:4      | Reached skill level 5 in Fighting
  4266 | D:4      | Reached XP level 7. HP: 49/72 MP: 7/7
  4499 | D:4      | Noticed Pikel
  5093 | D:4      | Killed Pikel
  5093 | D:4      | Reached * piety under Okawaru
  5094 | D:4      | Reached skill level 5 in Maces & Flails
  5094 | D:4      | Reached XP level 8. HP: 84/84 MP: 8/8
  5174 | D:4      | Found a bloodstained altar of Trog.
  5339 | D:4      | Reached ** piety under Okawaru
  5873 | D:5      | Entered Level 5 of the Dungeon
  5873 | D:5      | Found a staircase to the Ecumenical Temple.
  6994 | D:5      | Reached XP level 9. HP: 96/96 MP: 9/9
  7019 | D:5      | Found a shimmering altar of Xom.
  7088 | Temple   | Entered the Ecumenical Temple
  7143 | D:6      | Noticed Duvessa
  7143 | D:6      | Noticed Dowan
  7163 | D:5      | Killed Duvessa
  7172 | D:5      | Killed Dowan
  7285 | D:6      | Noticed Sigmund
  7290 | D:6      | Killed Sigmund
  7340 | D:6      | Reached *** piety under Okawaru
  8092 | D:6      | Found an ornate altar of the Wu Jian Council.
  8098 | D:6      | Noticed a spectral centipede
  9734 | D:7      | Found a snail-covered altar of Cheibriados.
  9752 | D:7      | Reached **** piety under Okawaru
  9753 | D:7      | Reached XP level 10. HP: 107/107 MP: 10/10
  9765 | D:7      | Noticed a two-headed ogre
  9780 | D:7      | Killed a two-headed ogre
 10277 | D:8      | Reached skill level 10 in Fighting
 10479 | D:8      | Found a glowing golden altar of the Shining One.
 10750 | D:8      | Found a sparkling altar of Nemelex Xobeh.
 10775 | D:8      | Learned a level 1 spell: Apportation
 10778 | D:8      | Learned a level 2 spell: Blink
 10888 | D:8      | Identified the +8 flail of Pandemonium {antimagic, rPois
                  | Str+4}
 10927 | D:8      | Found a radiant altar of Vehumet.
 11070 | D:9      | Reached skill level 1 in Invocations
 11070 | D:9      | Noticed Grum
 11358 | D:8      | Killed Grum
 11358 | D:8      | Reached ***** piety under Okawaru
 11986 | D:9      | Received a gift from Okawaru
 12080 | D:9      | Reached skill level 10 in Maces & Flails
 12335 | D:9      | Found an opulent altar of Gozag.
 12348 | D:9      | Found a blossoming altar of Fedhas.
 12461 | D:9      | Found a shadowy altar of Dithmenos.
 12573 | D:10     | Entered Level 10 of the Dungeon
 12675 | D:10     | Noticed an orc knight
 12675 | D:10     | Noticed a manticore
 12676 | D:10     | Noticed a skeletal warrior
 12685 | D:10     | Killed a manticore
 12685 | D:10     | Received a gift from Okawaru
 12833 | D:10     | Killed a skeletal warrior
 12834 | D:10     | Reached XP level 11. HP: 119/119 MP: 13/13
 13023 | D:10     | Killed an orc knight
 13799 | D:11     | Found a basalt altar of Yredelemnul.
 14485 | D:10     | Learned a level 1 spell: Animate Skeleton
 14508 | D:11     | Found a staircase to the Lair.
 14709 | D:11     | Found Mamoitta's Book Boutique.
 14823 | D:11     | Reached skill level 5 in Invocations
 15132 | D:11     | Found a staircase to the Orcish Mines.
 15270 | D:11     | Reached skill level 1 in Translocations
 15588 | Lair:1   | Entered Level 1 of the Lair of Beasts
 15588 | Lair:1   | Noticed Fannar
 15598 | Lair:1   | Killed Fannar
 15598 | Lair:1   | Received a gift from Okawaru
 16499 | Lair:1   | Received a gift from Okawaru
 16626 | Lair:1   | Reached skill level 10 in Throwing
 16771 | Lair:1   | Noticed an eight-headed hydra
 16775 | Lair:1   | Killed an eight-headed hydra
 16775 | Lair:1   | Received a gift from Okawaru
 16776 | Lair:1   | Reached XP level 12. HP: 132/132 MP: 16/16
 16925 | Lair:1   | Noticed Erica
 16928 | Lair:1   | Killed Erica
 16937 | Lair:1   | Found a stormy altar of Qazlal.
 17232 | Lair:2   | Noticed a seven-headed hydra
 17236 | Lair:2   | Killed a seven-headed hydra
 17406 | Lair:2   | Received a gift from Okawaru
 17406 | Lair:2   | Noticed a four-headed hydra
 17417 | Lair:2   | Killed a four-headed hydra
 17582 | Lair:2   | Received a gift from Okawaru
 17587 | Lair:2   | Reached skill level 1 in Spellcasting
 17615 | Lair:2   | Found a staircase to the Shoals.
 17709 | Lair:2   | Noticed a catoblepas
 17732 | Lair:2   | Killed a catoblepas
 18205 | Lair:2   | Noticed a six-headed hydra
 18212 | Lair:2   | Killed a six-headed hydra
 18212 | Lair:2   | Received a gift from Okawaru
 18428 | Lair:3   | Found a hole to the Spider Nest.
 18818 | Lair:3   | Received a gift from Okawaru
 19451 | Lair:3   | Received a gift from Okawaru
 20007 | Lair:3   | Reached XP level 13. HP: 127/141 MP: 15/18
 22085 | Lair:4   | Received a gift from Okawaru
 22631 | Lair:4   | Found a shimmering altar of Xom.
 22631 | Lair:4   | Noticed PeterLawrence's ghost (journeyman MiFi)
 22632 | Lair:4   | Found a runed translucent door.
 23111 | Lair:4   | HP: 2/144 [PeterLawrence's ghost (8)]
 23112 | Lair:4   | Slain by PeterLawrence's ghost

Illustrated notes

Levels and vault maps discovered:
D:1:      mrwooster_arrival_statue, layout_loops_corners, minmay_tiny_reverse_x
D:2:      layout_basic, tso_oasis_becter, kiku_gazebo_garden_becter,
          marbit_many_paths, chequers_ecumenical_altar_simple_redux,
          grunt_ministairs_1
D:3:      layout_rooms, old_standard_altar, patterned_corridor, uniq_terence
D:4:      layout_gridville, kennysheep_mini_moat, chequers_mini_garden,
          minmay_bent, uniq_pikel
D:5:      layout_rooms, kennysheep_little_box, minmay_temple_entry_overgrown,
          st_stairs_12, serial_bayou_pond_d
D:6:      layout_rooms, pdpol_wu_jian_five_deadly_venoms, uniq_sigmund,
          uniq_duvessa
D:7:      layout_gridville, overflow_temple_1_default
D:8:      layout_basic, nemelex_xobeh_ov_fountains_minmay,
          general_overflow_altar, nicolae_tso_carved_into_rock
D:9:      layout_cave_pools, nicolae_overflow_crystal_walls, kennysheep_mini,
          grunt_dithmenos_shadows, serial_glass, glass_columns_b,
          glass_columns_b, glass_columns_c, glass_columns_b, glass_columns_c,
          glass_columns_a, glass_columns_a, glass_columns_b, glass_columns_b,
          glass_columns_b, uniq_grum
D:10:     minmay_bloctagon_deflated, layout_basic
D:11:     layout_loops_ring, due_lair_maze_entry_diamond, erik_orc_4,
          basic_altar, serial_shops, shop
Temple:   corrupted_temple
Lair:1:   layout_small_grid, basic_altar, serial_bayou_lagoon_a,
          minmay_lair_oklob_chamber, uniq_erica, uniq_fannar
Lair:2:   layout_regular_city, minmay_shoals_entry_centaurs
Lair:3:   layout_cave_pods, dummy_spider_entry, serial_bayou_pond_b,
          grunt_megastairs_1, serial_bayou_shore_a
Lair:4:   layout_cave_pods, ebering_ghost_xom

Skill      XL: |  1  2  3  4  5  6  7  8  9 10 11 12 13 |
---------------+----------------------------------------+-----
Fighting       | 3 4 5 6 7 9 10 11 12 13 | 13.4
Maces & Flails | 1 2 3 4 5 6 8 10 11 12 13 | 13.1
Throwing       | 5 6 7 8 9 10 11 | 11.2
Invocations    | 3 5 7 8 |  8.2
Translocations | 2 3 |  3.0
Spellcasting   | 1 |  1.0
Dodging        | |  1.7
Stealth        | |  0.6

Action                   |  1- 3 |  4- 6 |  7- 9 | 10-12 | 13-15 || total
-------------------------+-------+-------+-------+-------+-------++-------
Melee: Short sword       |    41 |       |       |       |       ||    41
       Whip              |    63 |    37 |   231 |   442 |   134 ||   907
       Mace              |       |    56 |    86 |       |       ||   142
       Flail             |       |       |       |    76 |       ||    76
       Punch             |       |       |       |     1 |     3 ||     4
Throw: Stone             |    34 |    92 |   200 |   208 |    17 ||   551
       Large rock        |       |    11 |     4 |    56 |     2 ||    73
       Throwing net      |       |     2 |       |       |       ||     2
       Boomerang         |       |     3 |    12 |    37 |    14 ||    66
       Dart              |       |     1 |    45 |    43 |     2 ||    91
       Javelin           |       |       |     5 |    15 |     7 ||    27
 Cast: Apportation       |       |       |       |     4 |       ||     4
       Blink             |       |       |       |     1 |     1 ||     2
Invok: Heroism           |       |       |     3 |    10 |     2 ||    15
       Finesse           |       |       |       |     2 |     1 ||     3
  Use: Scroll            |       |       |     6 |    12 |     3 ||    21
       Potion            |       |       |       |     2 |     2 ||     4
 Stab: Sleeping          |     2 |       |       |       |       ||     2
       Petrifying        |       |       |       |     1 |       ||     1
Armor: Robe              |    19 |    20 |   114 |    88 |    14 ||   255
       Troll leather arm |       |       |       |    25 |       ||    25
Dodge: Dodged            |    49 |    53 |   176 |   182 |    30 ||   490

Table legend: (Time is in decaauts)
 A = Elapsed time spent in this place.
 B = Non-inter-level travel time spent in this place.
 C = Inter-level travel time spent in this place.
 D = Time resting spent in this place.
 E = Time spent auto-exploring this place.
 F = Levels seen in this place.
 G = Mean time per level.
                   A        B        C        D        E       F      G
               +--------+--------+--------+--------+--------+-----+--------+
         Total |  22734 |  21340 |   1394 |   8039 |   8712 |  16 | 1420.9 |
       Dungeon |  15575 |  14592 |    983 |   5202 |   5715 |  11 | 1415.9 |
        Temple |     45 |     33 |     12 |      0 |     32 |   1 |   45.0 |
          Lair |   7113 |   6714 |    399 |   2837 |   2965 |   4 | 1778.2 |
               +--------+--------+--------+--------+--------+-----+--------+

Top non-repeatable levels by time:
  Lair:3: 3020 daAuts
     D:4: 1710 daAuts
     D:1: 1696 daAuts
     D:2: 1623 daAuts
  Lair:4: 1514 daAuts
     D:8: 1486 daAuts
    D:11: 1458 daAuts
    D:10: 1443 daAuts
     D:6: 1348 daAuts
     D:5: 1324 daAuts
  Lair:1: 1320 daAuts
  Lair:2: 1258 daAuts
     D:3: 1246 daAuts
     D:7: 1203 daAuts
     D:9: 1033 daAuts
